[Event "Titled Tuesday Blitz November 14 Late 2023"]
[White "Sjugirov, Sanan"]
[Black "Omelja, Artem"]
[WhiteFideId "4189302"]
[BlackFideId "14119846"]
[WhiteElo "2901"]
[BlackElo "2575"]
[Result "0-1"]
[Round "4"]
[TimeControl "180+1"]
[Date "2023.11.14"]
[WhiteClock "0:00:00"]
[BlackClock "0:00:17"]
[Board "32"]

1. d4 Nf6 2. Bg5 e6 3. Nf3 d5 4. e3 c5 5. Nbd2 Nc6 6. c3 h6 7. Bh4 Be7 8. Bd3 b6 9. Ne5 Nxe5 10. dxe5 Nd7 11. Bxe7 Qxe7 12. f4 Bb7 13. O-O O-O 14. Qh5 Rad8 15. Rf3 f5 16. Rg3 Kh8 17. Nf3 Qe8 18. Rg6 Rf7 19. Ng5 Re7 20. g4 Nf8 21. gxf5 Nxg6 22. fxg6 Kg8 23. Nf7 Rxf7 24. gxf7+ Qxf7 25. Bh7+ Kf8 26. Bg6 Qe7 27. Rd1 d4 28. exd4 cxd4 29. c4 d3 30. Qg4 Qc5+ 31. Kf1 Qxc4 32. Bh5 Qe4 33. Kf2 d2 0-1


[Site "https://www.chess.com"]

[Event "Titled Tuesday Blitz November 14 Late 2023"]
[White "Beerdsen, Thomas"]
[Black "The_Straightforward_Rook"]
[WhiteFideId "1030108"]
[WhiteElo "2859"]
[BlackElo "2571"]
[Result "1-0"]
[Round "4"]
[TimeControl "180+1"]
[Date "2023.11.14"]
[WhiteClock "0:02:20"]
[BlackClock "0:00:28"]
[Board "33"]

1. e4 e5 2. d4 exd4 3. Qxd4 Nc6 4. Qd3 Nf6 5. Nc3 Bb4 6. Bd2 O-O 7. O-O-O Re8 8. Nge2 d6 9. Bg5 h6 10. Bxf6 Qxf6 11. Nd5 Qd8 12. Nxb4 Nxb4 13. Qd2 a5 14. a3 Nc6 15. Nc3 Be6 16. f4 f5 17. Bd3 fxe4 18. Bxe4 Qf6 19. Rhg1 Rad8 20. g4 d5 21. g5 hxg5 22. fxg5 Qf7 23. Bd3 Ne5 24. g6 Qf3 25. Rg3 Nxd3+ 26. cxd3 Qh5 27. Re1 c6 28. Qf4 Bf5 29. Rxe8+ Rxe8 30. Rg5 Re1+ 31. Kd2 Rf1 32. Qb8+ Bc8 33. Qxc8+ Rf8 34. Qe6+ Kh8 35. Rxh5# 1-0


[Site "https://www.chess.com"]

[Event "Titled Tuesday Blitz November 14 Late 2023"]
[White "Fernandez Reyes, Lisandro"]
[Black "Klekowski, Maciej"]
[WhiteFideId "3504190"]
[BlackFideId "1132717"]
[WhiteElo "2558"]
[BlackElo "2832"]
[Result "1-0"]
[Round "4"]
[TimeControl "180+1"]
[Date "2023.11.14"]
[WhiteClock "0:00:39"]
[BlackClock "0:00:52"]
[Board "34"]

1. e4 c5 2. Nf3 Nc6 3. Bb5 g6 4. O-O Bg7 5. Re1 Nf6 6. c3 O-O 7. h3 a6 8. Bxc6 dxc6 9. e5 Nd5 10. d4 cxd4 11. cxd4 Qc7 12. Nc3 Nxc3 13. bxc3 Rd8 14. Bf4 Be6 15. Qc1 c5 16. Ng5 cxd4 17. cxd4 Qxc1 18. Raxc1 Bxa2 19. Be3 Bd5 20. Rc7 Rac8 21. Rec1 Rxc7 22. Rxc7 h6 23. Nf3 Bf8 24. e6 f6 25. Nh4 Bxe6 26. Nxg6 Rd7 27. Rc8 Rd6 28. Rb8 Kg7 29. Nxf8 Bd5 30. Bf4 Rc6 31. Kh2 Rc4 32. Be3 a5 33. Nd7 Bc6 34. Nb6 Rb4 35. d5 Bb5 36. Rxb7 a4 37. Rxe7+ Kg6 38. Ra7 h5 39. d6 Rb3 40. Nd5 Bc4 41. Ne7+ Kf7 42. Nc6+ Ke6 43. Nd4+ Kxd6 44. Nxb3 axb3 45. Bd4 1-0


[Site "https://www.chess.com"]

[Event "Titled Tuesday Blitz November 14 Late 2023"]
[White "Ozates, Tuna"]
[Black "mind1mover"]
[WhiteFideId "6354521"]
[WhiteElo "2556"]
[BlackElo "2805"]
[Result "0-1"]
[Round "4"]
[TimeControl "180+1"]
[Date "2023.11.14"]
[WhiteClock "0:00:06"]
[BlackClock "0:00:07"]
[Board "35"]

1. e4 c5 2. Nf3 Nc6 3. Nc3 e6 4. d4 cxd4 5. Nxd4 Qc7 6. g3 a6 7. Bg2 h5 8. h3 h4 9. g4 Nge7 10. Be3 Ng6 11. Qd2 Nxd4 12. Qxd4 Bd6 13. O-O-O Be5 14. Qc5 Qxc5 15. Bxc5 Nf4 16. Bf1 g5 17. Ne2 b5 18. Nxf4 Bxf4+ 19. Kb1 Bb7 20. f3 Be5 21. Bd6 Bxd6 22. Rxd6 Ke7 23. Rb6 Bc6 24. c4 Rhb8 25. Rxb8 Rxb8 26. cxb5 axb5 27. Bd3 Kf6 28. Rc1 Ke5 29. Rc3 Kf4 30. Bf1 b4 31. Rc5 f6 32. Be2 Kg3 33. e5 fxe5 34. Rxe5 Kxh3 35. Rxg5 Rh8 36. Rh5 Rf8 37. g5 Bxf3 38. Bxf3 Rxf3 39. Rh7 Rg3 40. Rxd7 Rxg5 41. Re7 e5 42. Kc2 Kg2 43. Kb3 h3 44. Kxb4 Rh5 45. Rg7+ Kf2 46. Rf7+ Ke2 47. Rc7 Kd2 48. Rd7+ Kc2 49. a4 h2 50. Rc7+ Kxb2 51. a5 h1=Q 52. a6 Rh4+ 53. Ka5 Qd5+ 54. Kb6 Rb4+ 55. Ka7 Qd4+ 56. Ka8 Qe4+ 57. Ka7 Qe3+ 58. Ka8 Qf3+ 59. Ka7 Qf2+ 60. Ka8 Qg2+ 61. Ka7 Qg1+ 62. Ka8 Qg8+ 63. Ka7 Qb8# 0-1


[Site "https://www.chess.com"]

[Event "Titled Tuesday Blitz November 14 Late 2023"]
[White "angelgab3"]
[Black "Brodsky, David"]
[BlackFideId "2073250"]
[WhiteElo "2555"]
[BlackElo "2796"]
[Result "1-0"]
[Round "4"]
[TimeControl "180+1"]
[Date "2023.11.14"]
[WhiteClock "0:00:15"]
[BlackClock "0:00:03"]
[Board "36"]

1. e4 e5 2. Nf3 Nc6 3. Bb5 a6 4. Ba4 Nf6 5. O-O Be7 6. Re1 b5 7. Bb3 O-O 8. d4 d6 9. c3 Bg4 10. d5 Na5 11. Bc2 c6 12. h3 Bh5 13. dxc6 Qc7 14. Nbd2 Rad8 15. a4 d5 16. exd5 Nxd5 17. axb5 axb5 18. Qe2 Nxc6 19. Qxb5 Nf4 20. Qc4 Rc8 21. Nxe5 Ne2+ 22. Rxe2 Bxe2 23. Qe4 f5 24. Qd5+ Kh8 25. Nf7+ Rxf7 26. Qxf7 Rf8 27. Qe6 Ne5 28. Bxf5 Bc5 29. Ne4 Bc4 30. Nxc5 Qxc5 31. Be3 Qc7 32. Bb6 Bxe6 33. Bxc7 Rxf5 34. Ra8+ Bg8 35. Ra5 Nf3+ 36. gxf3 Rxa5 37. Bxa5 Bd5 38. f4 Kg8 39. Kf1 Kf7 40. Ke2 Ke6 41. Ke3 Bg2 42. h4 Kd5 43. b3 h5 44. Bb6 g6 45. Bd4 Bh3 46. c4+ Kc6 47. Kd3 Bf5+ 48. Kc3 Kd6 49. b4 Kc6 50. b5+ Kd6 51. Kb4 Bd3 52. Be3 Be2 53. Bd4 Bf1 54. c5+ Kd5 55. Be5 Be2 56. c6 Ke6 57. Kc5 Bd3 58. b6 1-0


[Site "https://www.chess.com"]

[Event "Titled Tuesday Blitz November 14 Late 2023"]
[White "Dourerassou, Jonathan"]
[Black "Cervantes Landeiro, Thalia"]
[WhiteFideId "628050"]
[BlackFideId "3520498"]
[WhiteElo "2794"]
[BlackElo "2551"]
[Result "1-0"]
[Round "4"]
[TimeControl "180+1"]
[Date "2023.11.14"]
[WhiteClock "0:01:50"]
[BlackClock "0:00:04"]
[Board "37"]

1. d4 Nf6 2. Bg5 Ne4 3. Bf4 d5 4. Nd2 g6 5. Ngf3 Bg7 6. e3 c5 7. Nxe4 dxe4 8. Ne5 O-O 9. c3 cxd4 10. exd4 Nc6 11. Nxc6 bxc6 12. Bc4 Qb6 13. Qe2 h5 14. h3 Bf5 15. g4 hxg4 16. hxg4 Be6 17. Bxe6 fxe6 18. Be3 Rab8 19. O-O-O c5 20. dxc5 Qa5 21. Qc4 Kf7 22. Rh7 Rh8 23. Rxg7+ Kxg7 24. Qxe6 Rxb2 25. Qxe7+ 1-0


[Site "https://www.chess.com"]

[Event "Titled Tuesday Blitz November 14 Late 2023"]
[White "Holt, Conrad"]
[Black "Kuznecovs, Nikita"]
[WhiteFideId "2034387"]
[BlackFideId "11604557"]
[WhiteElo "2784"]
[BlackElo "2551"]
[Result "1-0"]
[Round "4"]
[TimeControl "180+1"]
[Date "2023.11.14"]
[WhiteClock "0:00:05"]
[BlackClock "0:00:09"]
[Board "38"]

1. a3 d5 2. Nf3 Bf5 3. g3 Nf6 4. Bg2 e6 5. c4 c6 6. O-O h6 7. d3 Nbd7 8. b4 a5 9. b5 Bc5 10. Nc3 O-O 11. Bf4 Re8 12. d4 Bf8 13. bxc6 bxc6 14. c5 Ne4 15. Na4 g5 16. Be3 Bg7 17. Nd2 Nxd2 18. Qxd2 Qb8 19. h4 Qb3 20. Nb6 Nxb6 21. cxb6 Qxb6 22. hxg5 hxg5 23. Rac1 f6 24. Rc5 Bf8 25. Rc3 Rec8 26. Rfc1 Rab8 27. f3 Kf7 28. g4 Bg6 29. f4 gxf4 30. Bxf4 Rb7 31. g5 Be7 32. Rf1 Bf5 33. gxf6 Bxf6 34. e3 Rg8 35. Be5 Bxe5 36. dxe5 Qb2 37. Qxb2 Rxb2 38. Rf2 Rxf2 39. Kxf2 Rc8 40. Bf3 c5 41. Kg3 Ke7 42. Kf4 Kd7 43. Bxd5 exd5 44. Kxf5 Rf8+ 45. Kg4 Kc6 46. Kg5 d4 47. exd4 Kd5 48. Rxc5+ Kxd4 49. Rxa5 Ke4 50. e6 Kd4 51. e7 1-0


[Site "https://www.chess.com"]

[Event "Titled Tuesday Blitz November 14 Late 2023"]
[White "Pinheiro, Iung Alicio de O."]
[Black "Borsuk, Konstantin"]
[WhiteFideId "2104350"]
[BlackFideId "14113406"]
[WhiteElo "2549"]
[BlackElo "2781"]
[Result "1-0"]
[Round "4"]
[TimeControl "180+1"]
[Date "2023.11.14"]
[WhiteClock "0:00:14"]
[BlackClock "0:00:00"]
[Board "39"]

1. Nf3 b6 2. b3 Bb7 3. Bb2 Nf6 4. g3 g6 5. Bg2 Bg7 6. O-O O-O 7. c4 d6 8. d4 Nbd7 9. Nc3 Ne4 10. Qc2 Nxc3 11. Bxc3 e6 12. e4 a6 13. Rad1 Qe7 14. Rfe1 b5 15. Nd2 Rfc8 16. h4 c5 17. d5 Bxc3 18. Qxc3 e5 19. Bh3 Rc7 20. Bxd7 Qxd7 21. f4 Re8 22. Qf3 f6 23. f5 Qg7 24. Kh2 Bc8 25. Rg1 Rf7 26. g4 g5 27. Qh3 h6 28. Kg3 Kf8 29. Rh1 Ke7 30. Kf3 Bd7 31. Ke3 Rg8 32. Kd3 Qf8 33. Nf3 Qd8 34. hxg5 hxg5 35. Nd2 Qa5 36. Ra1 Rb8 37. Qh6 Qa3 38. Qg6 Qb2 39. Rh7 Be8 40. Rah1 Qd4+ 41. Ke2 bxc4 42. Rxf7+ Bxf7 43. Rh7 Rf8 44. bxc4 Qg1 45. Kf3 Qd1+ 46. Ke3 Qxg4 47. Qg7 Qg1+ 48. Kd3 Qd4+ 49. Ke2 Qb2 50. Rh6 Qb6 51. Qxf6+ Kd7 52. Qg7 Qd8 53. Rf6 Qe7 54. Qxg5 Be8 55. Rg6 Bxg6 56. Qxg6 Qf7 57. Qh6 Rg8 58. Nf3 Kc7 59. Qe6 Qg7 60. f6 Qg2+ 61. Ke3 Rd8 62. f7 Qg7 63. Qe7+ Rd7 64. f8=Q Qxe7 65. Qa8 Qf7 66. Qxa6 Qf4+ 67. Kf2 Kd8 68. Qa8+ Ke7 69. Qg8 Qf7 70. Qg5+ Ke8 71. Ke3 Re7 72. Qg4 Qf4+ 73. Qxf4 exf4+ 74. Kxf4 Rf7+ 75. Ke3 Ke7 76. e5 Rf8 77. Ke4 Ra8 78. exd6+ Kxd6 79. Ng5 Rxa2 80. Nf7+ Kd7 81. Ne5+ Kd6 82. Nf7+ Ke7 83. Ne5 Rc2 84. Kf5 Kd6 85. Nf7+ Kc7 86. Ne5 Re2 87. Ke6 Kd8 88. d6 Kc8 89. Kd5 Kb7 90. Nd7 Rd2+ 91. Kxc5 Rd1 92. Nf6 Kc8 93. Kc6 Kd8 94. c5 Ra1 95. Nd5 Ra6+ 96. Nb6 Ra1 97. Kb7 Rd1 98. c6 Rxd6 99. c7+ Ke7 100. c8=Q Kf6 101. Qf8+ Ke5 102. Nc4+ 1-0


[Site "https://www.chess.com"]

[Event "Titled Tuesday Blitz November 14 Late 2023"]
[White "Rastbod, Ali"]
[Black "Ongut, Tamas Gunes"]
[WhiteFideId "12567477"]
[BlackFideId "770280"]
[WhiteElo "2775"]
[BlackElo "2542"]
[Result "1-0"]
[Round "4"]
[TimeControl "180+1"]
[Date "2023.11.14"]
[WhiteClock "0:00:19"]
[BlackClock "0:00:11"]
[Board "40"]

1. e4 e5 2. Nc3 Nf6 3. g3 Bc5 4. Bg2 Nc6 5. d3 d6 6. Na4 Bg4 7. f3 Be6 8. Nxc5 dxc5 9. Be3 Qd6 10. h3 h5 11. Ne2 Nd4 12. c3 Nxe2 13. Qxe2 O-O-O 14. Bf1 Nd7 15. b3 f5 16. Bg5 Nf6 17. O-O-O Rd7 18. h4 fxe4 19. dxe4 Qxd1+ 20. Qxd1 Rxd1+ 21. Kxd1 Rf8 22. Ke2 c4 23. b4 Nd7 24. Ke3 Nb6 25. Be2 Na4 26. Rc1 a5 27. bxa5 Kd7 28. f4 exf4+ 29. gxf4 g6 30. Bd1 Nc5 31. Bc2 Kc6 32. Be7 Re8 33. Bxc5 Kxc5 34. Rg1 Bg4 35. e5 Re6 36. Be4 Ra6 37. Rg2 Rxa5 38. Bxg6 Ra3 39. Rc2 b5 40. Kd2 b4 41. cxb4+ Kd4 42. Bf7 c3+ 43. Kc1 Bf5 44. Bb3 Bxc2 45. Kxc2 Ke4 46. e6 Ra8 47. Kxc3 Kxf4 48. Kd4 Rd8+ 49. Kc5 Ke5 50. a4 Kf6 51. a5 Rd3 52. Bd5 Rh3 53. a6 Ra3 54. Bc4 Ke7 55. Kc6 Rc3 56. a7 Ra3 57. Kb7 Rb3 58. b5 Rc3 59. a8=Q Rxc4 60. Qg8 Kd6 61. Qf7 Re4 62. Qd7+ Kc5 63. e7 Rxe7 64. Qxe7+ Kxb5 65. Qg5+ c5 66. Qxh5 Kb4 67. Qe5 c4 68. Qb2+ Kc5 69. Qc1 c3 70. h5 Kc4 71. h6 Kb3 72. h7 c2 73. h8=Q Ka2 74. Qhb2# 1-0


[Site "https://www.chess.com"]

[Event "Titled Tuesday Blitz November 14 Late 2023"]
[White "TimGrutter03"]
[Black "Sokolovsky, Yahli"]
[BlackFideId "2820242"]
[WhiteElo "2533"]
[BlackElo "2771"]
[Result "0-1"]
[Round "4"]
[TimeControl "180+1"]
[Date "2023.11.14"]
[WhiteClock "0:00:02"]
[BlackClock "0:00:07"]
[Board "41"]

1. Nf3 g6 2. g3 Bg7 3. Bg2 d6 4. O-O e5 5. d3 Nc6 6. e4 Be6 7. Ng5 Bd7 8. f4 h6 9. Nf3 Nge7 10. Nc3 O-O 11. Be3 Nd4 12. Ne2 Nxf3+ 13. Bxf3 c6 14. c3 f5 15. Qd2 Kh7 16. Kh1 Qc7 17. Rae1 Rae8 18. Bg1 Bc8 19. fxe5 dxe5 20. d4 fxe4 21. Bxe4 Bf5 22. Bg2 Qd7 23. Rd1 e4 24. Be3 Nd5 25. c4 Nxe3 26. Qxe3 Bg4 27. Rxf8 Bxf8 28. Rf1 Bg7 29. d5 cxd5 30. cxd5 Qxd5 31. Nc3 Qd3 32. Qf4 Bf3 33. Re1 Bxg2+ 34. Kxg2 e3 35. Qf3 b6 36. Re2 Qd4 37. a3 Qe5 38. h4 h5 39. Qf1 Qd4 40. Qe1 Qd6 41. Qf1 Qc5 42. Qf3 Bh6 43. g4 Re7 44. gxh5 gxh5 45. Qg3 Rg7 46. Kh2 Rxg3 47. Kxg3 Qe5+ 48. Kf3 Qf4+ 49. Kg2 Qg4+ 50. Kf1 Qf3+ 51. Ke1 Qg3+ 52. Kd1 Qxh4 53. Kc2 Qg4 54. Kd3 Qf5+ 55. Ne4 Qd5+ 0-1


[Site "https://www.chess.com"]

[Event "Titled Tuesday Blitz November 14 Late 2023"]
[White "Korchmar, Vasiliy"]
[Black "topce"]
[WhiteFideId "24131750"]
[WhiteElo "2761"]
[BlackElo "2533"]
[Result "1-0"]
[Round "4"]
[TimeControl "180+1"]
[Date "2023.11.14"]
[WhiteClock "0:01:54"]
[BlackClock "0:01:27"]
[Board "42"]

1. e4 c5 2. d4 cxd4 3. Qxd4 Nc6 4. Qd3 e6 5. Nc3 a6 6. Bf4 Nf6 7. O-O-O Bb4 8. Nge2 O-O 9. h4 Qa5 10. Kb1 d5 11. exd5 exd5 12. Bg5 d4 13. Bxf6 gxf6 14. Ne4 Bf5 15. N2g3 Ne5 16. Nxf6+ Kh8 17. Qxf5 Ng6 18. Qxa5 Bxa5 19. Bd3 Rad8 20. Bxg6 fxg6 21. Nfe4 Rf4 22. h5 gxh5 23. Rxh5 Bc7 24. Rdh1 Rd7 25. Rf5 Rxf5 26. Nxf5 d3 27. cxd3 Rxd3 28. Nf6 Rd1+ 29. Rxd1 1-0


[Site "https://www.chess.com"]

[Event "Titled Tuesday Blitz November 14 Late 2023"]
[White "Nazari, Arad"]
[Black "Pourkashiyan, Atousa"]
[WhiteFideId "12577324"]
[BlackFideId "12502014"]
[WhiteElo "2759"]
[BlackElo "2531"]
[Result "1-0"]
[Round "4"]
[TimeControl "180+1"]
[Date "2023.11.14"]
[WhiteClock "0:01:01"]
[BlackClock "0:00:00"]
[Board "43"]

1. e4 e5 2. f4 d5 3. exd5 exf4 4. Nf3 Nf6 5. Bb5+ c6 6. dxc6 Nxc6 7. Nc3 Bd6 8. Qe2+ Qe7 9. b3 Qxe2+ 10. Nxe2 O-O 11. Bxc6 bxc6 12. O-O Re8 13. Ned4 Ba6 14. d3 Rac8 15. h3 Nd5 16. Bd2 Ne3 17. Bxe3 fxe3 18. Ne2 Bb7 19. Nfd4 c5 20. Nb5 Bb8 21. Rae1 a6 22. Na3 Bc7 23. Nc4 Bd5 24. Nc3 Bxc4 25. bxc4 Ba5 26. Nd5 Bxe1 27. Rxe1 e2 28. Kf2 Rb8 29. Nc7 Rec8 30. Nd5 Re8 31. Nc7 Re5 32. Rxe2 Rxe2+ 33. Kxe2 Rb6 34. a4 Kf8 35. a5 Rg6 36. Kf3 Ke7 37. c3 Kd7 38. Nd5 Re6 39. d4 Re1 40. Nb6+ Kd6 41. Na4 Ra1 42. Nxc5 Ra3 43. Kf4 Kc6 44. Nxa6 Rxc3 45. Nb4+ Kd7 46. Nd5 Kc6 47. Nxc3 1-0


[Site "https://www.chess.com"]

[Event "Titled Tuesday Blitz November 14 Late 2023"]
[White "Karacsonyi, Gellert"]
[Black "Womacka, Mathias"]
[WhiteFideId "764620"]
[BlackFideId "4611390"]
[WhiteElo "2759"]
[BlackElo "2531"]
[Result "1-0"]
[Round "4"]
[TimeControl "180+1"]
[Date "2023.11.14"]
[WhiteClock "0:00:09"]
[BlackClock "0:00:00"]
[Board "44"]

1. e4 c5 2. Nf3 d6 3. d4 cxd4 4. Nxd4 Nf6 5. Nc3 a6 6. Bc4 e6 7. O-O b5 8. Bb3 Be7 9. Qf3 Qb6 10. Be3 Qb7 11. Qg3 b4 12. Na4 Nbd7 13. f3 O-O 14. a3 a5 15. axb4 axb4 16. Qf2 Ne5 17. h3 Bd7 18. Ne2 Bb5 19. Nb6 Rxa1 20. Rxa1 Bd8 21. c4 Nd3 22. Qf1 Bxb6 23. Nd4 Bxc4 24. Bxc4 Nxb2 25. Ba6 Qa7 26. Bb5 Bxd4 27. Rxa7 Bxe3+ 28. Kh2 Bxa7 29. Qe2 Bd4 30. Qd2 e5 31. Qxb4 h5 32. h4 Rb8 33. Qa5 Rc8 34. Qa6 Rc5 35. Be2 Rc2 36. Bb5 g6 37. Qxd6 Kg7 38. Qe7 Nd1 39. Ba4 Rd2 40. Bb3 Nh7 41. Qxf7+ Kh6 42. Qg8 Ne3 43. Bf7 Rxg2+ 44. Kh3 Rg1 45. Qh8 Nf1 46. Qxh7+ 1-0


[Site "https://www.chess.com"]

[Event "Titled Tuesday Blitz November 14 Late 2023"]
[White "RodokininEV"]
[Black "Schnaider, Ilan"]
[BlackFideId "169013"]
[WhiteElo "2531"]
[BlackElo "2734"]
[Result "0-1"]
[Round "4"]
[TimeControl "180+1"]
[Date "2023.11.14"]
[WhiteClock "0:00:00"]
[BlackClock "0:00:01"]
[Board "45"]

1. d4 Nf6 2. c4 g6 3. Nc3 d5 4. Nf3 Bg7 5. Qb3 dxc4 6. Qxc4 O-O 7. e4 Nc6 8. Be2 e5 9. d5 Nd4 10. Nxd4 exd4 11. Qxd4 Re8 12. Qd3 c6 13. O-O cxd5 14. exd5 Bf5 15. Qd1 Ne4 16. Nxe4 Bxe4 17. Bf3 Bxf3 18. Qxf3 Re5 19. Rd1 Rf5 20. Qb3 Qh4 21. Be3 Re8 22. d6 Be5 23. g3 Qh3 24. Qxb7 Rd8 25. d7 Rh5 26. Qg2 Qe6 27. Bxa7 Rxd7 28. Rxd7 Qxd7 29. Be3 Bxb2 30. Rb1 Rd5 31. h4 Be5 32. Qf3 Kg7 33. h5 h6 34. hxg6 fxg6 35. a4 Qf7 36. Qe4 Ra5 37. Rb7 Bc7 38. Bd4+ Kh7 39. Qc6 Rxa4 0-1


[Site "https://www.chess.com"]

[Event "Titled Tuesday Blitz November 14 Late 2023"]
[White "Hambleton, Aman"]
[Black "Jovic, Stanoje"]
[WhiteFideId "2606577"]
[BlackFideId "905020"]
[WhiteElo "2718"]
[BlackElo "2529"]
[Result "1-0"]
[Round "4"]
[TimeControl "180+1"]
[Date "2023.11.14"]
[WhiteClock "0:00:06"]
[BlackClock "0:00:00"]
[Board "46"]

1. d4 Nf6 2. Bf4 d5 3. e3 e6 4. Nf3 Bd6 5. Nbd2 O-O 6. Bd3 b6 7. O-O c5 8. c3 Ba6 9. Bxa6 Nxa6 10. Bxd6 Qxd6 11. Ne5 Nd7 12. f4 f6 13. Nxd7 Qxd7 14. Qg4 Rad8 15. Rf2 Nc7 16. Re1 Ne8 17. f5 e5 18. Nf3 e4 19. Nd2 cxd4 20. exd4 Nd6 21. Nf1 Kh8 22. Ne3 Qb5 23. Qe2 Qxe2 24. Rfxe2 Nb5 25. a4 Nc7 26. Kf2 Rd7 27. Rc2 Na6 28. g4 Rc8 29. Rd2 Kg8 30. h4 Kf7 31. Rg1 Ke7 32. g5 fxg5 33. Rxg5 Kf8 34. f6 gxf6 35. Rxd5 Rcc7 36. Rf5 Rf7 37. d5 Nc5 38. d6 Rcd7 39. Ke2 Nd3 40. Nc4 Kg7 41. Ke3 Kg6 42. Kxe4 Nc5+ 43. Kf4 Ne6+ 44. Ke4 Nc5+ 45. Rxc5 bxc5 46. Kd5 f5 47. Ne5+ Kf6 48. Nxf7 Rxf7 49. Kc6 f4 50. d7 Rxd7 51. Kxd7 Ke5 52. b4 c4 53. b5 Ke4 54. a5 Ke3 55. Rd6 f3 56. b6 axb6 57. axb6 f2 58. Rf6 1-0


[Site "https://www.chess.com"]

[Event "Titled Tuesday Blitz November 14 Late 2023"]
[White "Vafin, Ayrat"]
[Black "Tristan, Leonardo"]
[WhiteFideId "4146530"]
[BlackFideId "113816"]
[WhiteElo "2528"]
[BlackElo "2716"]
[Result "1-0"]
[Round "4"]
[TimeControl "180+1"]
[Date "2023.11.14"]
[WhiteClock "0:00:24"]
[BlackClock "0:00:01"]
[Board "47"]

1. Nf3 d5 2. g3 Nf6 3. Bg2 Bf5 4. O-O e6 5. c4 c6 6. d3 dxc4 7. dxc4 Nbd7 8. Nc3 Be7 9. Be3 O-O 10. Qb3 Qc7 11. Nh4 Bg4 12. h3 Bh5 13. Rfd1 Nc5 14. Qc2 a5 15. g4 Nfd7 16. gxh5 Bxh4 17. h6 g6 18. b3 Bf6 19. a3 Qe5 20. Rac1 Rfd8 21. b4 axb4 22. axb4 Qxc3 23. Qxc3 Bxc3 24. Rxc3 Na4 25. Ra3 Nab6 26. Rad3 Nxc4 27. Rxd7 Rxd7 28. Rxd7 Nxe3 29. fxe3 Rb8 30. e4 Kf8 31. e5 Ke8 32. Rc7 Kf8 33. Kf2 Ke8 34. Ke3 Kf8 35. Kf4 Rd8 36. Ke3 b6 37. Bxc6 Rd1 38. Rc8+ Ke7 39. Re8# 1-0


[Site "https://www.chess.com"]

[Event "Titled Tuesday Blitz November 14 Late 2023"]
[White "subham777"]
[Black "Rohan, Ahuja"]
[BlackFideId "5090598"]
[WhiteElo "2528"]
[BlackElo "2711"]
[Result "1-0"]
[Round "4"]
[TimeControl "180+1"]
[Date "2023.11.14"]
[WhiteClock "0:00:21"]
[BlackClock "0:00:03"]
[Board "48"]

1. e4 e5 2. Nf3 Nc6 3. Bc4 Bc5 4. c3 Nf6 5. d3 O-O 6. Nbd2 d5 7. exd5 Nxd5 8. Ne4 Be7 9. Nfg5 h6 10. h4 Na5 11. Bxd5 Qxd5 12. Qf3 Qd7 13. Nh3 f5 14. Ng3 Nc6 15. Qh5 Qe8 16. Qf3 Qg6 17. h5 Qf7 18. Be3 f4 19. Ne4 fxe3 20. Qxe3 Bf5 21. O-O-O Rad8 22. Kb1 Be6 23. c4 Nd4 24. Rhf1 Bg4 25. f3 Bxh5 26. g4 Bg6 27. f4 exf4 28. Nxf4 Bxe4 29. Qxe4 Bf6 30. Nd5 Nc6 31. g5 hxg5 32. Rh1 g6 33. Rh6 Bg7 34. Rxg6 Ne5 35. Rxg5 Rd6 36. Qxe5 Rg6 37. Ne7+ Kh7 38. Qe4 Qf6 39. Qxg6+ Qxg6 40. Rxg6 Bh6 41. Rh1 Rf4 42. Rhxh6# 1-0


[Site "https://www.chess.com"]

[Event "Titled Tuesday Blitz November 14 Late 2023"]
[White "Zeltsan, Joseph"]
[Black "Statham_l3"]
[WhiteFideId "30932980"]
[WhiteElo "2709"]
[BlackElo "2524"]
[Result "1-0"]
[Round "4"]
[TimeControl "180+1"]
[Date "2023.11.14"]
[WhiteClock "0:01:02"]
[BlackClock "0:00:00"]
[Board "49"]

1. e4 e5 2. Nf3 Nc6 3. Bb5 Nf6 4. O-O Nxe4 5. d4 Nd6 6. Bxc6 dxc6 7. dxe5 Nf5 8. Qxd8+ Kxd8 9. Nc3 Ke8 10. h3 h5 11. Bf4 Be6 12. Rad1 Be7 13. Ng5 Rh6 14. Rfe1 Rd8 15. Rxd8+ Bxd8 16. Rd1 Rg6 17. Nxe6 Rxe6 18. g3 g5 19. Rxd8+ Kxd8 20. Bxg5+ Ke8 21. Bf6 Nd4 22. f4 Nxc2 23. f5 Rxf6 24. exf6 Ne3 25. Kf2 Nxf5 26. Ne4 b6 27. Ng5 a5 28. Kf3 a4 29. g4 hxg4+ 30. Kxg4 1-0


[Site "https://www.chess.com"]

[Event "Titled Tuesday Blitz November 14 Late 2023"]
[White "Richter, Paul"]
[Black "Hamitevici, Vladimir"]
[WhiteFideId "2046350"]
[BlackFideId "13902393"]
[WhiteElo "2523"]
[BlackElo "2701"]
[Result "1-0"]
[Round "4"]
[TimeControl "180+1"]
[Date "2023.11.14"]
[WhiteClock "0:00:02"]
[BlackClock "0:00:00"]
[Board "50"]

1. e4 d6 2. d4 g6 3. Nc3 c6 4. f4 d5 5. e5 h5 6. Be3 Nh6 7. Qd2 Ng4 8. h3 Nxe3 9. Qxe3 Bf5 10. Nf3 Bxc2 11. e6 f6 12. Rc1 Bf5 13. Nh4 Qd6 14. Nxf5 gxf5 15. Bd3 Bh6 16. O-O h4 17. Bxf5 Rg8 18. Nb5 Qd8 19. Qf3 Qb6 20. Qh5+ Kd8 21. Qxh6 Qxb5 22. Qh7 Rg3 23. Qf7 Qb4 24. Kh1 Kc7 25. Rc3 Na6 26. a3 Qd6 27. Rxg3 hxg3 28. b4 Rh8 29. Kg1 Rh4 30. Bg4 Kb6 31. f5 Nc7 32. Qf8 Nb5 33. a4 Nc7 34. a5+ Kb5 35. Rb1 Kc4 36. Be2+ Kxd4 37. Qg8 Re4 38. Bf3 Re3 39. Qg4+ Kc3 40. Rc1+ Kb2 41. Rd1 Qe5 42. Rf1 d4 43. Bd1 d3 44. h4 Nd5 45. h5 Nf4 46. h6 Ne2+ 47. Kh1 Re4 48. Qh3 1-0


[Site "https://www.chess.com"]

[Event "Titled Tuesday Blitz November 14 Late 2023"]
[White "Hasangatin, Ramil"]
[Black "Rizzo, Tobias"]
[WhiteFideId "4122160"]
[BlackFideId "30942691"]
[WhiteElo "2693"]
[BlackElo "2522"]
[Result "1-0"]
[Round "4"]
[TimeControl "180+1"]
[Date "2023.11.14"]
[WhiteClock "0:01:42"]
[BlackClock "0:00:42"]
[Board "51"]

1. e4 c5 2. Nf3 Nc6 3. Bb5 e6 4. Bxc6 bxc6 5. d3 d5 6. Qe2 Nf6 7. O-O Ba6 8. c4 Be7 9. Nc3 O-O 10. b3 Qc7 11. Ba3 Rfd8 12. Na4 Qa5 13. Qe1 Qxe1 14. Rfxe1 Nd7 15. exd5 cxd5 16. cxd5 Bxd3 17. dxe6 fxe6 18. Rxe6 Bf6 19. Rd1 Bf5 20. Red6 c4 21. Nd4 Bg4 22. f3 Be5 23. Rd5 Bh5 24. Nc6 Bf7 1-0


[Site "https://www.chess.com"]

[Event "Titled Tuesday Blitz November 14 Late 2023"]
[White "Shuvalova, Polina"]
[Black "Kovacsy, Barnabas"]
[WhiteFideId "24171760"]
[BlackFideId "769290"]
[WhiteElo "2692"]
[BlackElo "2519"]
[Result "1-0"]
[Round "4"]
[TimeControl "180+1"]
[Date "2023.11.14"]
[WhiteClock "0:00:36"]
[BlackClock "0:00:11"]
[Board "52"]

1. e4 c5 2. Nf3 e6 3. c3 d5 4. exd5 Qxd5 5. d4 Nf6 6. Na3 Nc6 7. Be3 cxd4 8. Nb5 Qd7 9. Nbxd4 Nd5 10. Bd2 Be7 11. Bb5 Qc7 12. Nxc6 bxc6 13. Bd3 Nf4 14. Bxf4 Qxf4 15. O-O O-O 16. Qe2 Bb7 17. g3 Qc7 18. Rad1 Rad8 19. Rfe1 c5 20. Be4 Bxe4 21. Qxe4 Qb6 22. b3 Bf6 23. c4 a5 24. Kg2 a4 25. bxa4 Qb4 26. Rxd8 Rxd8 27. Qc2 Ra8 28. Rb1 Qa5 29. Rb5 Qc7 30. Qe4 Rxa4 31. Rb7 Qd8 32. Qc6 Rxa2 33. Qxc5 Ra8 34. h4 Rc8 35. Qb5 g6 36. h5 gxh5 37. Qxh5 Qe8 38. c5 Rb8 39. Qg4+ Bg7 40. Rxb8 Qxb8 41. c6 Qc7 42. Qa4 Bf6 43. Qa8+ Kg7 44. Qb7 Be5 45. Nxe5 Qxe5 46. c7 1-0


[Site "https://www.chess.com"]

[Event "Titled Tuesday Blitz November 14 Late 2023"]
[White "Zakaryan, David"]
[Black "Erdogan, Anil Berk"]
[WhiteFideId "24101923"]
[BlackFideId "6348173"]
[WhiteElo "2679"]
[BlackElo "2518"]
[Result "0-1"]
[Round "4"]
[TimeControl "180+1"]
[Date "2023.11.14"]
[WhiteClock "0:00:41"]
[BlackClock "0:00:04"]
[Board "53"]

1. c4 c5 2. Nc3 g6 3. Nf3 Nc6 4. e3 Nf6 5. d4 cxd4 6. exd4 d5 7. cxd5 Nxd5 8. Qb3 Nxc3 9. Bc4 e6 10. bxc3 Na5 11. Bb5+ Bd7 12. Qa4 Nc6 13. Bg5 Be7 14. Bh6 a6 15. Be2 Bf8 16. Bg5 Be7 17. h4 Ne5 18. Qb3 Nxf3+ 19. Bxf3 Bxg5 20. hxg5 O-O 21. Qxb7 Rb8 22. Qa7 Bb5 23. Qc5 Rc8 24. Qe5 Qa5 25. Rd1 Rxc3 26. Rd2 Rd3 27. Qf4 Rc8 28. Bd1 Rc1 29. Rh3 Qc3 30. Qb8+ Kg7 31. Qe5+ Kg8 32. Qb8+ Kg7 33. Rxd3 Bxd3 34. Qe5+ Kg8 35. Qb8+ Kg7 36. Qe5+ Kg8 37. Qe3 Rxd1+ 38. Kxd1 Qa1# 0-1


[Site "https://www.chess.com"]